AoeStats
← El Fantasma de Pancho Villa

Arena

506580974Analyzed
4v4 RM · 19d ago on Sep 14, 2026· 51m 59s· 8 players
Game mode
Random Map
Map size
Large (8 player)
Population
200
Speed
Normal
Resources
Standard
Victory
Conquest
Starting age
Dark Age
Ending age
Imperial Age
RankedLock teamsTeams togetherTeam positionsShared explorationLock speedFull tech treeHidden civsTurbo modeCheats
Victory
Defeat
🇲🇽 Romans · Mexico
1098
+15
🇺🇸 Burgundians · United States
1090
+15
🇲🇽 Aztecs · Mexico
1070
+16
🇳🇮 Khmer · Nicaragua
1056
+16
🇺🇸 Cumans · United States
1124
-18
🇨🇳 Italians · China
1071
-16
🇲🇽 Byzantines · Mexico
1034
-14
🇲🇽 Teutons · Mexico
1033
-14
Ahtkel
10:39 Loom
12:26 Feudal Age
16:44 Castle Age
15:44 Double-Bit Axe
20:37 Eagle Warrior
21:05 Man-at-Arms
21:31 Gambesons
23:08 Elite Skirmisher
24:33 Eagle Warrior
25:14 Squires
26:24 Fletching
26:36 Padded Archer Armor
26:22 Horse Collar
26:53 Bow Saw
28:15 Wheelbarrow
29:23 Hand Cart
29:09 Heavy Plow
29:32 Leather Archer Armor
33:16 Imperial Age
31:27 Town Watch
33:39 Bodkin Arrow
34:16 Forging
34:52 Conscription
34:57 Ballistics
36:48 Bracer
36:49 Scale Mail Armor
37:25 Iron Casting
37:09 Atlatl
38:39 Gold Mining
40:25 Chemistry
40:44 Garland Wars
39:55 Pikeman
41:32 Gold Shaft Mining
41:38 Redemption
43:13 Chain Mail Armor
43:59 Blast Furnace
46:32 Heated Shot
47:15 Plate Mail Armor
46:15 Elite Eagle Warrior
46:40 Arson
47:07 Long Swordsman
48:19 Siege Engineers
47:54 Treadmill Crane
48:07 Two-Handed Swordsman
48:46 Stone Mining
51:05 Elite Jaguar Warrior
AluKhaa
6:10 Double-Bit Axe
8:13 Gold Mining
11:40 Feudal Age
10:14 Horse Collar
14:15 Loom
16:51 Castle Age
16:36 Heavy Plow
17:42 Bow Saw
20:02 Gold Shaft Mining
23:28 Scale Mail Armor
24:20 Forging
25:04 Wheelbarrow
24:15 Town Watch
27:42 Hand Cart
27:22 Stone Mining
28:07 Gold Shaft Mining
28:14 Gold Shaft Mining
31:51 Imperial Age
29:54 Padded Archer Armor
31:59 Fortified Wall
32:07 Leather Archer Armor
31:44 Fletching
33:41 Chemistry
36:03 Burgundian Vineyards
36:19 Conscription
38:20 Masonry
39:35 Elite Skirmisher
42:02 Architecture
41:53 Ballistics
41:44 Scale Barding Armor
45:55 Coinage
45:55 Light Cavalry
46:35 Husbandry
47:06 Hussar
Dorek xD
10:37 Feudal Age
16:31 Castle Age
17:44 Double-Bit Axe
17:41 Horse Collar
20:54 Wheelbarrow
21:05 Bow Saw
22:08 Hand Cart
22:04 Heavy Plow
24:49 Gold Mining
27:24 Ballistics
29:59 Imperial Age
28:38 Gold Shaft Mining
29:47 Fortified Wall
31:04 Heavy Scorpion
32:48 Chemistry
31:36 Light Cavalry
32:26 Bloodlines
32:17 Husbandry
32:42 Forging
32:37 Scale Barding Armor
36:33 Siege Engineers
37:07 Iron Casting
36:53 Chain Barding Armor
38:01 Capped Ram
39:34 Loom
39:35 Town Watch
40:58 Blast Furnace
40:52 Plate Barding Armor
Legolas
9:58 Feudal Age
16:01 Castle Age
35:34 Double-Bit Axe
46:38 Light Cavalry
47:29 Bloodlines
47:38 Bow Saw
51:33 Wheelbarrow
50:56 Horse Collar
IP s y k d A
4:02 Loom
11:09 Feudal Age
11:58 Double-Bit Axe
15:02 Gold Mining
17:58 Castle Age
16:36 Horse Collar
16:48 Gold Mining
17:48 Stone Mining
20:37 Bow Saw
21:58 Heavy Plow
23:19 Gambesons
23:20 Arson
23:36 Squires
23:43 Scale Mail Armor
24:09 Man-at-Arms
27:32 Wheelbarrow
27:26 Chain Mail Armor
27:32 Bloodlines
27:29 Town Watch
27:30 Pikeman
27:30 Long Swordsman
28:58 Hand Cart
30:22 Forging
30:15 Town Patrol
31:54 Iron Casting
32:42 Ironclad
35:54 Imperial Age
33:12 Loom
35:03 Ballistics
34:17 Elite Skirmisher
36:12 Onager
37:24 Plate Mail Armor
37:55 Blast Furnace
37:28 Crop Rotation
38:00 Two-Man Saw
36:35 Two-Handed Swordsman
38:07 Scale Barding Armor
37:28 Cavalier
37:51 Halberdier
38:56 Conscription
38:57 Crenellations
39:30 Fletching
39:40 Padded Archer Armor
39:25 Siege Onager
42:51 Chemistry
42:45 Chain Barding Armor
43:14 Paladin
45:30 Bodkin Arrow
45:51 Leather Archer Armor
51:08 Plate Barding Armor
HiramSanJuan
0:27 Loom
13:05 Feudal Age
17:24 Castle Age
16:41 Double-Bit Axe
16:43 Horse Collar
18:53 Bow Saw
24:07 Imperial Age
22:18 Heavy Plow
22:55 Pikeman
27:07 Chemistry
26:33 Ballistics
27:43 Wheelbarrow
27:45 Fortified Wall
30:37 Gambesons
30:59 Scale Mail Armor
33:29 Thumb Ring
33:53 Halberdier
36:58 Hand Cart
36:56 Gold Mining
37:03 Elite Skirmisher
38:47 Fletching
39:08 Forging
39:13 Chain Mail Armor
38:59 Padded Archer Armor
40:11 Treadmill Crane
44:07 Two-Man Saw
El Fantasma de Pancho Villa
13:53 Feudal Age
16:40 Man-at-Arms
17:57 Scale Mail Armor
18:34 Forging
24:54 Wheelbarrow
24:58 Horse Collar
32:02 Castle Age
30:49 Bloodlines
30:35 Gold Mining
31:14 Scale Barding Armor
31:20 Town Watch
34:02 Iron Casting
36:56 Imperial Age
35:26 Chain Barding Armor
37:31 Elite Steppe Lancer
38:48 Plate Barding Armor
39:31 Blast Furnace
45:08 Light Cavalry
47:42 Hand Cart
47:42 Double-Bit Axe
47:26 Hussar
fly
0:39 Loom
12:27 Feudal Age
16:38 Castle Age
14:31 Double-Bit Axe
15:34 Horse Collar
16:19 Fletching
19:14 Bodkin Arrow
29:15 Imperial Age
27:13 Padded Archer Armor
29:36 Ballistics
31:05 Chemistry
30:14 Bracer
33:41 Conscription
36:14 Elite Genoese Crossbowman
41:19 Leather Archer Armor
42:39 Ring Archer Armor
45:02 Bow Saw
44:52 Gold Mining
48:07 Wheelbarrow
Connection lost

Rejoining the realm…

Still unreachable

The connection could not be restored.

Session expired

The server has moved on; the page needs a fresh start.